 Dungeon Crawl Stone Soup version 0.24-a0-347-g1a3e1d35ff (webtiles) character file.

Game seed: 12855164309799294560

319 Gumption the Poker (level 6, -7/48 HPs)
             Began as a Merfolk Gladiator on May 23, 2019.
             Was an Initiate of Fedhas.
             Mangled by an ogre
             ... wielding a +0 giant club
              (18 damage)
             ... on level 3 of the Dungeon.
             The game lasted 00:24:31 (4011 turns).

Gumption the Poker (Merfolk Gladiator)              Turns: 4011, Time: 00:24:31

Health: -7/48      AC:  9    Str: 16    XL:     6   Next: 46%
Magic:  6/6        EV: 10    Int:  7    God:    Fedhas [......]
Gold:   120        SH:  8    Dex: 16    Spells: 5/5 levels left

rFire    . . .     SeeInvis +   a - +0 trident
rCold    . . .     Gourm    .   B - +0 shield
rNeg     . . .     Faith    .   j - +0 scale mail
rPois    .         Spirit   .   c - +1 helmet
rElec    .         Reflect  .   y - +0 cloak
rCorr    .         Harm     .   (no gloves)
MR       .....                  (no boots)
Stlth    ..........             n - amulet of rage
HPRegen  0.16/turn              v - ring of see invisible
MPRegen  0.10/turn              (no ring)

@: no status effects
A: change form in water, swift swim, stealthy swim
a: Fungal Bloom, Renounce Religion, Evoke Berserk Rage


You were on level 3 of the Dungeon.
You worshipped Fedhas.
Fedhas was noncommittal.
You were not hungry.

You visited 1 branch of the dungeon, and saw 4 of its levels.

You collected 120 gold pieces.

Inventory:

Hand Weapons
 a - a +0 trident (weapon)
 q - a +0 hunting sling
Missiles
 d - 5 throwing nets
 o - 216 stones (quivered)
 A - 4 curare-tipped darts
Armour
 c - a +1 helmet (worn)
 i - a +0 plate armour
 j - a +0 scale mail (worn)
 y - a +0 cloak (worn)
 B - a +0 shield (worn)
 D - a +0 chain mail
Jewellery
 n - an amulet of rage (around neck)
 v - a ring of see invisible (left hand)
Scrolls
 e - a scroll of enchant armour
 g - a scroll of enchant weapon {unknown}
 h - 2 scrolls of noise {unknown}
 w - 2 scrolls of immolation
 x - a scroll of magic mapping {unknown}
 z - 2 scrolls of teleportation
Potions
 b - a potion of invisibility
 k - a potion of brilliance {unknown}
 m - a potion of cancellation {unknown}
 p - a potion of degeneration {unknown}
 r - 2 potions of curing
 t - a potion of mutation {unknown}
 C - a potion of heal wounds {unknown}
Comestibles
 f - 6 rations
 l - a chunk of flesh


   Skills:
 + Level 3.8 Fighting
 * Level 7.4 Polearms
 - Level 2.0 Throwing
 * Level 1.0 Armour
 + Level 5.5 Dodging
 * Level 1.3 Shields


You had 5 spell levels left.
You didn't know any spells.
Your spell library was empty.

Dungeon Overview and Level Annotations

Branches:
Dungeon (4/15)
 Temple: D:4-7

Altars:
Ashenzari
Elyvilon
Fedhas
Ru
Trog
Uskayaw
Vehumet

Shops:
D:4 (

Annotations:
D:2 Sigmund
D:3 1 runed translucent door, exclusion: downstairs, Shaidar's ghost, weakling OpWz


Message History

The centaur skeleton barely misses you.
The orc priest calls down the wrath of Beogh upon you.
Beogh smites you!
You puncture the centaur skeleton!
You destroy the centaur skeleton!
Your Armour skill increases to level 1!
The orc priest mumbles some strange prayers to Beogh against you.
Beogh smites you!
You hear a shout!
There is a stone staircase leading up here.
The ogre hits you with a +0 giant club!
* * * LOW HITPOINT WARNING * * *
You climb upwards.
Level annotation: 1 runed translucent door, exclusion: downstairs, Shaidar's ghost, weakling OpWz
There is a stone staircase leading down here.
There is an open door here.
Your scale mail prevents you from hitting the ogre.
The ogre hits you with a +0 giant club!!
You die...
Fedhas appreciates your contribution to the ecosystem.

#........##....####
#..:##...
#........##.#.....##
######....
###########.#.#....#
#......... #.....#..#
#......... #.#.#.#..#
#......... #.#..<#..#
###'##'#.. #...#.#..#
#.##.##. #.###.#O.#
#.##.##.
##.##..@..#######.....#.
#..##...................
#..##..#..#######..####.
#####[#####...# #...# ##
##⌠##⌠.⌠##⌠##..######...#
##
##...##.##...##....).....#
#.
#_..........._##.........#
#.
##...##⌠##...###.........#
#.
##⌠#######⌠##.'......''##
#.


You could see an ogre.

Vanquished Creatures
  A jelly (D:4)
  Crazy Yiuf (D:2)
  2 centaur skeletons (D:4)
  An iguana (D:4)
  Robin (D:2)
  7 adders
  An ooze (D:3)
  2 worms (D:3)
  A dart slug (D:4)
  7 leopard geckos
  5 orcs (D:3)
  5 bats
  6 giant cockroaches
  10 hobgoblins
  4 jackals (D:4)
  A ball python (D:3)
  3 frilled lizards (D:2)
  13 goblins
  9 kobolds
  4 rats
84 creatures vanquished.

Vanquished Creatures (others)
  22 toadstools
22 creatures vanquished.

Grand Total: 106 creatures vanquished

Notes
Turn   | Place    | Note
-------+----------+-------------------------------------------
     0 | D:1      | Gumption the Merfolk Gladiator began the quest for the Orb.
     0 | D:1      | Reached XP level 1. HP: 16/16 MP: 1/1
   340 | D:1      | Reached XP level 2. HP: 23/23 MP: 2/2
   407 | D:1      | Reached skill level 5 in Polearms
   799 | D:2      | Reached XP level 3. HP: 28/28 MP: 3/3
   966 | D:2      | Found a white marble altar of Elyvilon.
  1177 | D:2      | Found a blossoming altar of Fedhas.
  1229 | D:2      | Became a worshipper of Fedhas Madash
  1252 | D:2      | Found a radiant altar of Vehumet.
  1261 | D:2      | Noticed Robin
  1299 | D:2      | Killed Robin
  1299 | D:2      | Reached XP level 4. HP: 26/34 MP: 4/4
  1321 | D:2      | Reached skill level 6 in Polearms
  1774 | D:2      | Noticed Sigmund
  2192 | D:2      | Found a runed translucent door.
  2193 | D:2      | Noticed Crazy Yiuf
  2209 | D:2      | Killed Crazy Yiuf
  2626 | D:3      | Reached skill level 5 in Dodging
  2626 | D:3      | Reached XP level 5. HP: 32/41 MP: 5/5
  2756 | D:3      | Found a sacrificial altar of Ru.
  2841 | D:3      | Found a runed translucent door.
  2843 | D:3      | Noticed Shaidar's ghost (weakling OpWz)
  3079 | D:3      | Found a faded altar of an unknown god.
  3193 | D:3      | Reached skill level 7 in Polearms
  3358 | D:3      | Found a hide-covered altar of Uskayaw.
  3358 | D:3      | Found a bloodstained altar of Trog.
  3435 | D:4      | Noticed a hippogriff
  3497 | D:4      | Found a shattered altar of Ashenzari.
  3542 | D:4      | Reached XP level 6. HP: 34/48 MP: 6/6
  3674 | D:4      | Reached skill level 1 in Shields
  3949 | D:4      | Found Acif's Weapon Emporium.
  3982 | D:4      | Reached skill level 1 in Armour
  4011 | D:3      | Mangled by an ogre

Levels and vault maps discovered:
D:1:      enne_arrival_octagon_isle, layout_loops_cross, minivault_24,
          minmay_tetromino_i4
D:2:      layout_loops_ring, lemuel_doored_altar, old_standard_altar,
          fedhas_altar_1, uniq_sigmund, uniq_robin, uniq_crazy_yiuf_cottage
D:3:      layout_basic, nicolae_ru_awakened_eye,
          amethyst_overflow_temple_binary, ebering_ghost_inner_flame,
          chequers_ecumenical_altar_island, minmay_fractal_squares_diagonal_5
D:4:      layout_rooms, evilmike_ruin_ashenzari, serial_shops, kennysheep_mini

Skill      XL: |  1  2  3  4  5  6 |
---------------+-------------------+-----
Polearms       | 5 6 7 |  7.4
Fighting       | 3 |  3.8
Dodging        | 5 |  5.5
Shields        | 1 |  1.3
Armour         | 1 |  1.0
Throwing       | |  2.0

Action                   |  1- 3 |  4- 6 || total
-------------------------+-------+-------++-------
Melee: Trident           |   127 |   212 ||   339
Throw: Stone             |     6 |    12 ||    18
Invok: Fungal Bloom      |       |     7 ||     7
  Use: Scroll            |     1 |     7 ||     8
 Stab: Sleeping          |     1 |       ||     1
  Eat: Chunk             |     1 |     6 ||     7
       Ration            |       |     1 ||     1
Armor: Leather armour    |    30 |    14 ||    44
       Scale mail        |       |    24 ||    24
Dodge: Dodged            |   106 |    94 ||   200
Block: Shield            |       |    37 ||    37

Table legend:
 A = Non-vault XP
 B = Vault XP
 C = Vault XP percentage of total XP
 D = Non-vault monster count
 E = Vault monster count
 F = Vault count percentage of total count
                 A         B        C        D         E       F
            +---------+---------+-------+---------+---------+-------
      Total |     356 |     101 |  22.1 |      61 |      23 |  27.4
            +---------+---------+-------+---------+---------+-------
        D:1 |      25 |       7 |  21.9 |      16 |       4 |  20.0
        D:2 |      44 |      76 |  63.3 |      13 |      12 |  48.0
        D:3 |      80 |      18 |  18.4 |      18 |       7 |  28.0
        D:4 |     207 |       0 |   0.0 |      14 |       0 |   0.0
            +---------+---------+-------+---------+---------+-------
